 Dungeon Crawl Stone Soup version 0.26.0-10-g1f06aea511 (webtiles) character file.

Game seed: 16727154508070529735

70 nightchill the Sneak (level 4, -1/21 HPs)
             Began as a Spriggan Enchanter on Feb 6, 2021.
             Slain by a phantom (7 damage)
             ... on level 3 of the Dungeon.
             The game lasted 00:08:07 (2934 turns).

nightchill the Sneak (Spriggan Enchanter)           Turns: 2934, Time: 00:08:07

Health: -1/21      AC:  3    Str:  5    XL:     4   Next: 4%
Magic:  5/9        EV: 18    Int: 16    God:
Gold:   69         SH:  0    Dex: 16    Spells: 3/9 levels left

rFire    . . .     SeeInvis +   g - +1 short sword (venom)
rCold    . . .     Faith    .   (shield restricted)
rNeg     . . .     Spirit   .   b - +0 robe
rPois    .         Reflect  .   (helmet restricted)
rElec    .         Harm     .   e - +0 cloak
rCorr    .         Rampage  .   (gloves unavailable)
Will     .....                  (boots unavailable)
Stlth    +++.......             (no amulet)
HPRegen  0.07/turn              (no ring)
MPRegen  0.11/turn              (no ring)

@: confusing touch, very quick
A: very small, unfitting armour, see invisible, speed 3
a: no special abilities


You were on level 3 of the Dungeon.
You visited 1 branch of the dungeon, and saw 3 of its levels.

You collected 69 gold pieces.

Inventory:

Hand Weapons
 a - a +1 dagger
 g - a +1 short sword of venom (weapon)
Missiles
 c - 62 stones
 i - 26 poisoned darts
Armour
 b - a +0 robe (worn)
 e - a +0 cloak (worn)
Jewellery
 j - a cursed amulet of inaccuracy {unknown}
 m - an uncursed ring of see invisible {unknown}
Wands
 l - a wand of random effects (21)
Scrolls
 f - 2 scrolls of remove curse {unknown}
 h - 2 scrolls of enchant weapon {unknown}
 k - 3 scrolls of fear {unknown}
Potions
 d - a potion of brilliance {unknown}
 n - a potion of curing {unknown}
 o - 2 potions of heal wounds {unknown}


   Skills:
 + Level 0.8 Fighting
 * Level 2.3 Short Blades
 - Level 3.0 Dodging
 * Level 5.2 Stealth
 + Level 3.1 Spellcasting
 * Level 4.3 Hexes


You had 3 spell levels left.
You knew the following spells:

 Your Spells              Type           Power        Failure   Level
a - Corona                Hex            17%          3%          1
b - Ensorcelled Hibernat  Hex/Ice        18%          12%         2
c - Confusing Touch       Hex            16%          10%         3

Your spell library contained the following spells:

 Spells                   Type           Power        Failure   Level
 Tukima's Dance           Hex            16%          10%         3
 Dazzling Flash           Conj/Hex       18%          22%         3


Dungeon Overview and Level Annotations

Branches:
Dungeon (3/15)

Altars:


Innate Abilities, Weirdness & Mutations

You are very small and have problems with some larger weapons.
You are too small for most types of armour.
You have supernaturally acute eyesight. (SInv)
You cover ground extremely quickly.


Message History

Confirm with . or Enter, or press ? or * to list all spells.
The spell is extremely dangerous to cast (10% risk of failure)!
Continue anyway?
Your hands begin to glow red.
The phantom blinks!
You are too injured to fight recklessly!
You are too injured to fight recklessly!
You are too injured to fight recklessly!
The phantom blinks!
The phantom hits you.
* * * LOW HITPOINT WARNING * * *
The phantom blinks!
You hit the phantom but do no damage.
The phantom is almost destroyed.
The phantom closely misses you.
You hit the phantom but do no damage.
The phantom is almost destroyed.
The phantom blinks!
You hit the phantom but do no damage.
The phantom is severely damaged.
The phantom hits you!
You die...

#......##.#.....#
#......##.##...##
#.###..##.###.########
#.# #..##.###.#.......
#.###...........######
#.........###<###
#......######.###
##..............#
#..W@....###.#.#
#..####.)# #.#.#
#..####..###.#.#
#..#<......#.#.#
#..#.##..#.#.#.#
#...............
##.#.###.#.....#
#.......##...#
###.##### #.##


You could see a phantom.

Vanquished Creatures
  3 adders (D:2)
  An ooze (D:1)
  2 giant cockroaches
  4 goblins
  6 hobgoblins
  A ball python (D:1)
  6 bats
  3 frilled lizards (D:1)
  7 kobolds
  6 rats
39 creatures vanquished.

Notes
Turn   | Place    | Note
-------+----------+-------------------------------------------
     0 | D:1      | nightchill the Spriggan Enchanter began the quest for the
                  | Orb.
     0 | D:1      | Reached XP level 1. HP: 9/9 MP: 5/5
   735 | D:1      | Reached XP level 2. HP: 13/13 MP: 4/6
   738 | D:1      | Learned a level 2 spell: Ensorcelled Hibernation
  1357 | D:1      | Reached skill level 5 in Stealth
  1652 | D:1      | Reached XP level 3. HP: 17/17 MP: 8/8
  2665 | D:2      | Learned a level 3 spell: Confusing Touch
  2688 | D:2      | Reached XP level 4. HP: 19/21 MP: 9/9
  2863 | D:3      | Noticed a phantom
  2934 | D:3      | Slain by a phantom

Illustrated notes

Levels and vault maps discovered:
D:1:      dpeg_arrival_snail, layout_basic
D:2:      layout_loops_corners
D:3:      layout_loops_corners

Skill      XL: |  1  2  3 |
---------------+----------+-----
Hexes          | 4 |  4.3
Stealth        | 5 |  5.2
Spellcasting   | 3 |  3.1
Short Blades   | 2 |  2.3
Fighting       | |  0.8
Dodging        | |  3.0

Action                   |  1- 3 |  4- 6 || total
-------------------------+-------+-------++-------
Melee: Dagger            |    98 |       ||    98
       Short sword       |    28 |    38 ||    66
 Cast: Corona            |     8 |       ||     8
       Ensorcelled Hiber |    22 |       ||    22
       Confusing Touch   |       |     3 ||     3
 Stab: Sleeping          |    15 |     1 ||    16
       Distracted        |     1 |       ||     1
       Confused          |       |     3 ||     3
Armor: Robe              |    14 |     3 ||    17
Dodge: Dodged            |   108 |    21 ||   129
